 Dungeon Crawl Stone Soup version 0.28.0-47-ge53b351184 (webtiles) character file.

Game seed: 2256129683009403031

13358 101zpm the Thaumaturge (level 12, -13/74 HPs)
             Began as a Djinni Fire Elementalist on Apr 30, 2022.
             Was an Initiate of Qazlal.
             Killed from afar by an acid dragon (25 damage)
             ... with a splash of acid
             ... on level 12 of the Dungeon.
             The game lasted 00:50:56 (11354 turns).

101zpm the Thaumaturge (Djinni Fire Elementalist)  Turns: 11354, Time: 00:50:58

Health: -13/74     AC:  7    Str:  7    XL:     12   Next: 31%
Gold:   682        EV: 12    Int: 22    God:    Qazlal [......] SH:  4 Dex: 14

rFire   + + .      SeeInvis .   e - +1 mace (protect)
rCold   . . .      Faith    .   C - +0 buckler
rNeg    + . .      Spirit   .   j - +0 troll leather armour {Pargi}
rPois   ∞          Reflect  .   D - +0 helmet
rElec   .          Harm     .   E - +0 cloak
rCorr   .          Rampage  .   (no gloves)
Will    +....                   (boots unavailable)
Stlth   ++........              (no amulet)
HPRegen 1.02/turn               x - ring of positive energy
MPRegen 0.00/turn               z - ring of protection from cold

@: flying
A: sickness immunity, fire resistance 2, cold vulnerability 1, float, innate
caster, HP casting, extra vitality 1
a: Renounce Religion


You were on level 12 of the Dungeon.
You worshipped Qazlal.
Qazlal was noncommittal.
You visited 2 branches of the dungeon, and saw 13 of its levels.

You collected 682 gold pieces.

Inventory:

Hand Weapons
 e - a +1 mace of protection (weapon)
 B - a +1 mace of holy wrath
Armour
 j - a +0 troll leather armour (worn) {Pargi}
 C - a +0 buckler (worn)
 D - a +0 helmet (worn)
 E - a +0 cloak (worn)
 K - the +2 ring mail "Ylokip" {rC+ Str+3}
   (You found it on level 3 of the Dungeon)

   Str:       It affects your strength (+3).
   rC:        It protects you from cold.
Magical Staves
 o - a staff of air
Jewellery
 x - a ring of positive energy (left hand)
 y - a +4 ring of protection
 z - a ring of protection from cold (right hand)
Wands
 v - a wand of digging (13)
 I - a wand of flame (11)
 M - a wand of polymorph (1)
Scrolls
 b - 4 scrolls of amnesia {unknown}
 c - 8 scrolls of identify {unknown}
 f - 2 scrolls of fear {unknown}
 k - 2 scrolls of immolation {unknown}
 l - 2 scrolls of blinking {unknown}
 m - a scroll of magic mapping {unknown}
 p - a scroll of enchant weapon {unknown}
 q - 4 scrolls of teleportation {unknown}
 r - a scroll of silence {unknown}
 s - a scroll of vulnerability {unknown}
 u - 2 scrolls of noise {unknown}
 A - 3 scrolls of brand weapon {unknown}
 F - a scroll of holy word {unknown}
Potions
 a - 2 potions of heal wounds {unknown}
 d - 3 potions of mutation {unknown}
 g - 2 potions of might {unknown}
 h - a potion of degeneration {unknown}
 i - a potion of lignification {unknown}
 n - 3 potions of invisibility {unknown}
 t - 3 potions of brilliance {unknown}
 w - 3 potions of curing {unknown}
 G - a potion of ambrosia {unknown}
 H - 2 potions of attraction {unknown}
 J - 2 potions of haste {unknown}
 L - a potion of flight {unknown}


   Skills:
 + Level 2.2 Fighting
 + Level 5.0 Armour
 + Level 4.1 Dodging
 + Level 3.9 Stealth
 + Level 2.2 Shields
 + Level 13.4 Spellcasting


You had 12 spell levels left.
You knew the following spells:

 Your Spells              Type           Power      Damage    Failure   Level
a - Foxfire               Conj/Fire      100%       2x1d9     1%          1
b - Scorch                Fire           100%       2d10      1%          2
c - Conjure Flame         Conj/Fire      65%        6-21      1%          3
d - Inner Flame           Hex/Fire       65%        N/A       1%          3
e - Flame Wave            Conj/Fire      65%        2d12      1%          4
f - Beastly Appendage     Tmut           100%       N/A       1%          1
g - Corpse Rot            Necr/Air       100%       N/A       1%          2
h - Call Imp              Summ           65%        N/A       1%          2
i - Spider Form           Tmut/Pois      65%        N/A       1%          3
j - Iskenderun's Mystic   Conj/Tloc      65%        2d13      1%          4
Your spell library was empty.

Dungeon Overview and Level Annotations

Branches:
Dungeon (12/15)            Temple (1/1) D:4            Lair (0/6) D:10
    Orc (0/2) D:9

Altars:
Ashenzari
Cheibriados
Dithmenos
Elyvilon
Fedhas
Gozag
Kikubaaqudgha
Nemelex Xobeh
Okawaru
Qazlal
Ru
Sif Muna
Trog
Uskayaw
Vehumet
Wu Jian
Xom
Yredelemnul
Zin
The Shining One

Shops:
D:10 **

Annotations:
D:7 3 runed translucent doors, Ablot's ghost, novice GnCK


Innate Abilities, Weirdness & Mutations

You are immune to sickness and miasma.
You are immune to poison.
Your flesh is very heat resistant. (rF++)
You are vulnerable to cold. (rC-)
You float through the air rather than walking.
You learn spells naturally, not from books.
Your magical power is your life essence.
You have superior vitality. (+4 MHP)


Message History

The mystic blast hits the boulder beetle but does no damage.
The boulder beetle is lightly wounded.
* * * LOW HITPOINT WARNING * * *
The boulder beetle bites you!
* * * LOW HITPOINT WARNING * * *
A kobold demonologist comes into view. It is wielding a +0 dagger.
Your crimson imp blinks!
An acid dragon comes into view.
The kobold demonologist begins to cast a cantrip, but forgets the words!
The boulder beetle leaps!
Casting: Iskenderun's Mystic Blast (safe; 1% risk of failure)
Confirm with . or Enter, or press ? or * to list all spells.
Aiming: Inner Flame (safe; 1% risk of failure)
Press: ? - help, Dir - move target, f - acid dragon
Aim: an acid dragon (chance to affect: 96%)
The acid dragon is filled with an inner flame.
* * * LOW HITPOINT WARNING * * *
You are too injured to fight recklessly!
Casting: Foxfire (safe; 1% risk of failure)
Press: ? - help, Q - select action, (/) - cycle Dir - look around, f - activate You conjure some foxfire!
* * * LOW HITPOINT WARNING * * *
The foxfire hits the kobold demonologist.
The kobold demonologist is lightly wounded.
The foxfire hits the kobold demonologist!
The kobold demonologist is moderately wounded.
The boulder beetle leaps!
Casting: Foxfire (safe; 1% risk of failure)
Press: ? - help, Q - select action, (/) - cycle Dir - look around, f - activate You conjure some foxfire!
* * * LOW HITPOINT WARNING * * *
The acid dragon spits acid at you. The splash of acid misses you.
The foxfire hits the kobold demonologist but does no damage.
The kobold demonologist is moderately wounded.
The foxfire hits the kobold demonologist but does no damage.
The kobold demonologist is moderately wounded.
The acid dragon spits acid at you. The splash of acid hits you!!
You die...

####.# ##.#########.#
#....#######.........##..
#....).....#..######.##..
#..#######(#..# #..
#..##.........#
#..##.####.##.######..
#..##.####..........#
#........####..####.#
#.###.##.# #§@# #.
#.##.####§§# #.
#.##.##.§§.# #.
#.##.##K..## #.
#.##.##..## #. #....##..#
#. ####.##.D### #.##.B..#
##.#...#


You could see a boulder beetle (inner flame), a kobold demonologist and an acid
dragon (inner flame, catching breath).

Vanquished Creatures
  Gastronok (D:11)
  A hydra (D:12)
  2 two-headed ogres
  A deep elf pyromancer (D:12)
  2 gargoyles
  2 unseen horrors
  2 komodo dragons (D:10)
  4 trolls
  A shadow (D:10)
  2 wraiths
  A wyvern (D:8)
  A steam dragon (D:10)
  6 yaks
  4 vampire mosquitoes
  Menkaure (D:7)
  2 acid dragons
  2 water moccasins
  A sky beast (D:7)
  A black bear (D:10)
  Pargi (D:4)
  8 orc warriors
  An ice beast (D:6)
  4 ogres
  3 centaurs
  A phantom (D:5)
  A kobold brigand (D:7)
  7 bullfrogs
  A wyvern zombie (D:7)
  A gnoll sergeant (D:7)
  2 scorpions
  A water moccasin zombie (D:6)
  A water moccasin skeleton (D:5)
  4 wights (D:8)
  7 killer bees
  2 howler monkeys (D:9)
  A bullfrog zombie (D:7)
  3 centaur zombies
  8 orc priests
  Crazy Yiuf (D:7)
  A bullfrog skeleton (D:6)
  A gnoll shaman (D:9)
  2 centaur skeletons
  3 iguanas
  10 orc wizards
  A killer bee zombie (D:9)
  A hound zombie (D:5)
  12 gnolls
  6 adders
  A howler monkey skeleton (D:6)
  A shadow imp (D:6)
  A white imp (D:7)
  An ufetubus (D:4)
  52 orcs
  6 bats (D:3)
  3 endoplasms
  A giant cockroach (D:2)
  5 goblins
  6 hobgoblins
  7 kobolds
  A quokka (D:3)
  5 ball pythons
  A frilled lizard (D:3)
  3 rats
226 creatures vanquished.

Vanquished Creatures (collateral kills)
  A yak (D:11)
  A centaur skeleton (D:5)
  An orc (D:9)
  8 foxfires
11 creatures vanquished.

Vanquished Creatures (others)
  1085 foxfires
  13 fungi
  6 plants
1104 creatures vanquished.

Grand Total: 1341 creatures vanquished

Notes
Turn   | Place    | Note
-------+----------+-------------------------------------------
     0 | D:1      | 101zpm the Djinni Fire Elementalist began the quest for the
                  | Orb.
     0 | D:1      | Reached XP level 1. HP: 15/15 MP: 0/0
   144 | D:3      | Found a stormy altar of Qazlal.
   292 | D:3      | Found a faded altar of an unknown god.
   479 | D:3      | Reached XP level 2. HP: 12/21 MP: 0/0
   919 | D:3      | Found a glowing golden altar of the Shining One.
   932 | D:3      | Reached skill level 3 in Spellcasting
   932 | D:3      | Reached XP level 3. HP: 16/25 MP: 0/0
   932 | D:3      | Learned a level 1 spell: Beastly Appendage
  1605 | D:3      | Reached XP level 4. HP: 26/31 MP: 0/0
  2564 | D:4      | Noticed an ogre
  2894 | D:2      | Reached XP level 5. HP: 32/35 MP: 0/0
  2894 | D:2      | Learned a level 2 spell: Corpse Rot
  2898 | D:2      | Reached skill level 4 in Spellcasting
  3170 | D:2      | Found a glowing silver altar of Zin.
  4225 | D:4      | Noticed Pargi
  4233 | D:4      | Killed Pargi
  4234 | D:4      | Reached XP level 6. HP: 34/40 MP: 0/0
  4375 | D:4      | Found a staircase to the Ecumenical Temple.
  4516 | D:4      | Found a glowing silver altar of Zin.
  4521 | D:4      | Found a snail-covered altar of Cheibriados.
  4682 | Temple   | Entered the Ecumenical Temple
  5069 | D:5      | Entered Level 5 of the Dungeon
  5105 | D:5      | Reached skill level 5 in Spellcasting
  5106 | D:5      | Noticed an ogre
  5111 | D:5      | Reached XP level 7. HP: 36/45 MP: 0/0
  5111 | D:5      | Learned a level 2 spell: Call Imp
  5114 | D:5      | Reached skill level 1 in Armour
  5193 | D:5      | Found a shimmering altar of Xom.
  5225 | D:5      | Reached skill level 6 in Spellcasting
  5522 | D:5      | Reached XP level 8. HP: 40/50 MP: 0/0
  5845 | D:6      | Reached skill level 7 in Spellcasting
  6217 | D:6      | Found an opulent altar of Gozag.
  6299 | D:7      | Reached XP level 9. HP: 49/56 MP: 0/0
  6299 | D:7      | Learned a level 3 spell: Spider Form
  6333 | D:7      | Found a blossoming altar of Fedhas.
  6341 | D:7      | Found a runed translucent gate.
  6341 | D:7      | Found a runed translucent gate.
  6341 | D:7      | Found a runed translucent gate.
  6435 | D:7      | Noticed Ablot's ghost (novice GnCK)
  6445 | D:7      | Reached skill level 8 in Spellcasting
  6496 | D:7      | Noticed Menkaure
  6500 | D:7      | Killed Menkaure
  6601 | D:7      | Found a runed translucent door.
  6602 | D:7      | Noticed Crazy Yiuf
  7137 | D:8      | Reached skill level 9 in Spellcasting
  7271 | D:8      | Noticed a gargoyle
  7282 | D:8      | Killed a gargoyle
  7283 | D:8      | Reached skill level 1 in Fighting
  7283 | D:8      | Reached XP level 10. HP: 42/62 MP: 0/0
  8096 | D:9      | Reached skill level 10 in Spellcasting
  8388 | D:9      | Found a staircase to the Orcish Mines.
  8588 | D:9      | Found a basalt altar of Yredelemnul.
  8816 | D:9      | Found an ornate altar of the Wu Jian Council.
  9138 | D:7      | Identified the +3 scale mail "Nunoyfab" {rPois}
  9170 | D:7      | Killed Crazy Yiuf
  9312 | D:10     | Entered Level 10 of the Dungeon
  9394 | D:10     | Killed an unseen horror
  9437 | D:10     | Noticed a komodo dragon
  9444 | D:10     | Killed a komodo dragon
  9477 | D:10     | Noticed a komodo dragon
  9479 | D:10     | Reached skill level 11 in Spellcasting
  9483 | D:10     | Killed a komodo dragon
  9484 | D:10     | Reached XP level 11. HP: 60/67 MP: 0/0
  9484 | D:10     | Learned a level 4 spell: Iskenderun's Mystic Blast
  9531 | D:10     | Found Xurhue's Specific Store.
  9534 | D:10     | Found Petrepasch's General Store.
  9595 | D:10     | Found a staircase to the Lair.
  9809 | D:10     | Noticed a boulder beetle
  9902 | D:11     | Reached skill level 12 in Spellcasting
  9905 | D:11     | Reached skill level 1 in Shields
  9944 | D:11     | Noticed Gastronok
  9952 | D:11     | Killed Gastronok
 10423 | D:11     | Noticed a two-headed ogre
 10435 | D:11     | Killed a two-headed ogre
 10436 | D:11     | Reached XP level 12. HP: 67/74 MP: 0/0
 10569 | D:3      | Became a worshipper of Qazlal Stormbringer
 10636 | D:3      | Identified the +2 ring mail "Ylokip" {rC+ Str+3}
 11171 | D:12     | Reached skill level 13 in Spellcasting
 11179 | D:12     | Noticed a five-headed hydra
 11187 | D:12     | Killed a five-headed hydra
 11188 | D:12     | Reached skill level 5 in Armour
 11200 | D:12     | Noticed a two-headed ogre
 11205 | D:12     | Killed a two-headed ogre
 11335 | D:12     | Noticed a boulder beetle
 11354 | D:12     | Killed from afar by an acid dragon

Illustrated notes

Levels and vault maps discovered:
D:1:      lightli_arrival_isolated_outpost, layout_loops_ring
D:2:      layout_basic, basic_altar, minmay_misc_feat_four_crosses,
          minmay_misc_feat_roman
D:3:      layout_loops_cross, mainiacjoe_overflow_small_starburst,
          nicolae_qazlal_eye_of_the_storm, ebering_ecumenical_altar_webs,
          st_stairs_11, roderic_lattice_a, corexii_corridor_pit
D:4:      layout_cave_pools, mainiacjoe_overflow_big_doors, temple_statues,
          ebering_dispersal_statue_hall, uniq_pargi
D:5:      layout_basic, mainiacjoe_overflow_paths, minitemple,
          nrook_mini_backslash, roderic_roman_lattice
D:6:      layout_basic, grunt_gozag_statues
D:7:      layout_rooms, grunt_temple_overflow_growth_and_decay,
          gammafunk_ghost_nasty_kobolds, uniq_menkaure, uniq_crazy_yiuf_cottage
D:8:      layout_rooms, mainiacjoe_overflow_24_doors
D:9:      layout_irregular_city, nzn_wu_jian_council_hall,
          lemuel_coloured_pillars_altar, hiddenorc2_lemuel
D:10:     cheibrodos_barr_body, layout_gridville,
          grunt_lair_entry_orc_guard_hut, serial_shops, shop_statue,
          nicolae_specific_store, kennysheep_generic_room_14
D:11:     layout_irregular_city, uniq_gastronok
D:12:     layout_loops_ring
Temple:   compressed_dpeg_triangle_lava_temple

Skill      XL: |  1  2  3  4  5  6  7  8  9 10 11 12 |
---------------+-------------------------------------+-----
Spellcasting   | 3 4 5 6 7 9 11 12 13 | 13.4
Stealth        | 2 3 |  3.9
Armour         | 1 3 4 5 |  5.0
Dodging        | 3 4 |  4.1
Fighting       | 1 2 |  2.2
Shields        | 2 |  2.2

Action                   |  1- 3 |  4- 6 |  7- 9 | 10-12 || total
-------------------------+-------+-------+-------+-------++-------
Melee: Mace              |       |     1 |       |       ||     1
 Cast: Foxfire           |    73 |   155 |   156 |   269 ||   653
       Scorch            |     2 |     9 |     4 |    19 ||    34
       Beastly Appendage |       |     2 |     1 |       ||     3
       Inner Flame       |       |     8 |    58 |    87 ||   153
       Call Imp          |       |       |     8 |     6 ||    14
       Flame Wave        |       |       |       |     3 ||     3
       Conjure Flame     |       |       |       |     1 ||     1
       Iskenderun's Myst |       |       |       |     1 ||     1
Armor: Robe              |       |     2 |       |       ||     2
       Troll leather arm |       |       |     4 |    20 ||    24
Dodge: Dodged            |     1 |     5 |    14 |    41 ||    61
Block: Buckler           |       |       |       |     5 ||     5
